 Dungeon Crawl Stone Soup version 0.25.0-1-g7eea58d2a3 (webtiles) character file.

Game seed: 4570207391670392001

7704 HoaS the Grappler (level 11, -1/73 HPs)
             Began as a Gargoyle Gladiator on June 14, 2020.
             Was a Believer of Makhleb.
             Slain by Snorg (3 damage)
             ... on level 10 of the Dungeon.
             The game lasted 00:22:22 (9073 turns).

HoaS the Grappler (Gargoyle Gladiator)              Turns: 9073, Time: 00:22:23

Health: -1/73      AC: 24    Str: 24    XL:     11   Next: 19%
Magic:  11/11      EV:  7    Int:  9    God:    Makhleb [**....]
Gold:   474        SH:  0    Dex: 11    Spells: 10/10 levels left

rFire    . . .     SeeInvis .     - Unarmed
rCold    . . .     Gourm    .   (no shield)
rNeg     + + .     Faith    .   o - +0 plate armour
rPois    ∞         Spirit   .   e - +2 helmet
rElec    +         Reflect  .   (no cloak)
rCorr    .         Harm     .   x - +2 pair of gloves {Str+3}
MR       .....                  (no boots)
Stlth    ..........             (no amulet)
HPRegen  0.22/turn              q - ring of positive energy
MPRegen  0.12/turn              (no ring)

@: no status effects
A: negative energy resistance 1, electricity resistance, unbreathing,
petrification resistance, rot immunity, AC +8
a: Minor Destruction, Renounce Religion


You were on level 10 of the Dungeon.
You worshipped Makhleb.
Makhleb was pleased with you.
You were not hungry.

You visited 2 branches of the dungeon, and saw 11 of its levels.

You collected 474 gold pieces.

Inventory:

Missiles
 b - 5 javelins
 c - 4 throwing nets (quivered)
 f - 78 poisoned darts
 h - 4 silver boomerangs
 u - 4 boomerangs
Armour
 e - a +2 helmet (worn)
 o - a +0 plate armour (worn)
 x - a +2 pair of gloves of strength (worn)
Jewellery
 q - a ring of positive energy (left hand)
Wands
 y - a wand of disintegration (26)
 z - a wand of flame (13)
Scrolls
 g - a scroll of fog
 j - 3 scrolls of teleportation
 l - 3 scrolls of amnesia
 m - 3 scrolls of identify
 r - 3 scrolls of magic mapping
 t - 4 scrolls of remove curse
Potions
 a - 4 potions of ambrosia
 i - a potion of flight
 k - 4 potions of curing
 n - a potion of mutation
 p - 4 potions of haste
 s - 2 potions of heal wounds
 v - a potion of lignification
 w - a potion of experience {unknown}
 A - a potion of invisibility {unknown}
 B - a potion of cancellation {unknown}
Comestibles
 d - 19 rations
 C - 3 chunks of flesh


   Skills:
 + Level 10.8 Fighting
 - Level 1.7 Throwing
 - Level 2.4 Dodging
 * Level 13.6 Unarmed Combat


You had 10 spell levels left.
You didn't know any spells.
Your spell library contained the following spells:

 Spells                   Type           Power        Failure   Level  Hunger
 Freeze                   Ice            #...         100%        1    ##.....
 Infusion                 Chrm           #...         100%        1    ##.....
 Shroud of Golubria       Chrm/Tloc      #.....       100%        2    ###....
 Slow                     Hex            #.......     100%        2    ###....
 Song of Slaying          Chrm           #.......     100%        2    ###....
 Frozen Ramparts          Ice            #.....       100%        3    ####...
 Mephitic Cloud           Conj/Pois/Air  #.......     100%        3    ####...
 Ozocubu's Armour         Chrm/Ice       #.......     100%        3    ####...
 Portal Projectile        Hex/Tloc       #.....       100%        3    ####...
 Spectral Weapon          Hex/Chrm       #.......     100%        3    ####...
 Static Discharge         Conj/Air       #.......     100%        3    ####...
 Hailstorm                Conj/Ice       #.......     100%        4    #####..
 Summon Ice Beast         Ice/Summ       #.......     100%        4    #####..
 Summon Lightning Spire   Summ/Air       #.......     100%        4    #####..
 Lightning Bolt           Conj/Air       #.........   100%        5    ######.


Dungeon Overview and Level Annotations

Branches:
Dungeon (10/15)            Temple (1/1) D:5
   Lair: D:8-11         Orc: D:9-12

Altars:
Ashenzari
Cheibriados
Dithmenos
Elyvilon
Fedhas
Gozag
Hepliaklqana
Kikubaaqudgha
Makhleb
Nemelex Xobeh
Okawaru
Qazlal
Ru
Sif Muna
Trog
Uskayaw
Vehumet
Wu Jian
Xom
Yredelemnul
Zin
The Shining One

Shops:
D:6 [   D:8 (

Annotations:
D:10 Snorg


Innate Abilities, Weirdness & Mutations

You are resistant to torment.
Your stone body is resilient. (AC +8)
You are immune to poison.
You resist negative energy. (rN+)
You are resistant to electric shocks. (rElec)
You can survive without breathing.
You are immune to petrification.
You are immune to rotting.


Message History

Snorg bites you! Snorg claws you!
* * * LOW HITPOINT WARNING * * *
Snorg claws you but does no damage.
You closely miss Snorg.
Snorg is moderately wounded.
Snorg bites you!
* * * LOW HITPOINT WARNING * * *
Snorg claws you but does no damage. x2
You punch Snorg!
Snorg is moderately wounded.
Snorg barely misses you. Snorg claws you but does no damage.
Snorg completely misses you.
You hit Snorg.
Snorg is moderately wounded.
Snorg bites you.
* * * LOW HITPOINT WARNING * * *
Snorg claws you.
* * * LOW HITPOINT WARNING * * *
Snorg claws you.
You die...

#..# #.## # #.# .# ##'#####
#######.## ### #......#
#......... ..## #......####
#.........
#..###......'..###.........
##...'......##..##.........
#####......###.@TZ........
#......# ####.........
####'### ######.### #..# #
##.# #.## #..# ## ####'# .#
#...##


You could see Snorg (berserk) and a hornet zombie.

Vanquished Creatures
  Harold (D:8)
  A two-headed ogre (D:7)
  Erica (D:7)
  An unseen horror (D:6)
  A manticore (D:7)
  Joseph (D:7)
  A hornet (D:7)
  Grinder (D:5)
  A hippogriff (D:7)
  A wyvern (D:8)
  A yak (D:7)
  3 hogs (D:7)
  A human (D:7)
  5 orc warriors
  2 sky beasts
  3 ice beasts
  2 ogres (D:6)
  2 phantoms (D:7)
  3 necrophages
  2 centaurs
  A big kobold (D:8)
  A bullfrog (D:9)
  A wyvern skeleton (D:8)
  5 scorpions
  A centaur zombie (D:5)
  2 crimson imps
  A bullfrog zombie (D:7)
  5 hounds (D:7)
  2 bullfrog skeletons
  4 orc priests
  A jelly (D:9)
  4 worker ants
  An iguana (D:4)
  9 orc wizards
  2 hound skeletons (D:8)
  10 adders
  A howler monkey skeleton (D:5)
  A shadow imp (D:8)
  2 worms
  2 dart slugs (D:2)
  4 leopard geckos (D:1)
  22 orcs
  5 ball pythons
  5 giant cockroaches
  4 goblins
  12 hobgoblins
  3 jackals (D:7)
  3 quokkas
  4 bats
  3 frilled lizards (D:1)
  A jackal skeleton (D:5)
  15 kobolds
  A leopard gecko skeleton (D:4)
  7 rats
179 creatures vanquished.

Notes
Turn   | Place    | Note
-------+----------+-------------------------------------------
     0 | D:1      | HoaS the Gargoyle Gladiator began the quest for the Orb.
     0 | D:1      | Reached XP level 1. HP: 12/12 MP: 1/1
   217 | D:1      | Reached XP level 2. HP: 18/18 MP: 2/2
   864 | D:1      | Reached XP level 3. HP: 22/22 MP: 3/3
  1414 | D:2      | Reached skill level 4 in Unarmed Combat
  1655 | D:2      | Reached XP level 4. HP: 25/28 MP: 4/4
  1905 | D:2      | Reached XP level 5. HP: 19/33 MP: 5/5
  1922 | D:2      | Reached skill level 5 in Unarmed Combat
  2389 | D:3      | Found a glowing drain.
  2433 | D:3      | Found a hazy altar of Hepliaklqana.
  3243 | D:4      | Reached XP level 6. HP: 38/38 MP: 6/6
  3792 | D:5      | Entered Level 5 of the Dungeon
  3822 | D:5      | Found a staircase to the Ecumenical Temple.
  3835 | Temple   | Entered the Ecumenical Temple
  3991 | Temple   | Became a worshipper of Makhleb the Destroyer
  4072 | D:5      | Reached skill level 6 in Unarmed Combat
  4427 | D:5      | Reached XP level 7. HP: 42/44 MP: 7/7
  4469 | D:5      | Found an ornate altar of the Wu Jian Council.
  4483 | D:5      | Found a glowing golden altar of the Shining One.
  4484 | D:5      | Found a bloodstained altar of Trog.
  4487 | D:5      | Found a sacrificial altar of Ru.
  4489 | D:5      | Found a radiant altar of Vehumet.
  4576 | D:5      | Noticed Grinder
  4581 | D:5      | Paralysed by Grinder for 7 turns
  4594 | D:5      | Paralysed by Grinder for 5 turns
  4600 | D:5      | Killed Grinder
  4600 | D:5      | Reached skill level 5 in Fighting
  4600 | D:5      | Reached skill level 7 in Unarmed Combat
  4874 | D:6      | Reached XP level 8. HP: 46/51 MP: 8/8
  4907 | D:6      | Reached skill level 8 in Unarmed Combat
  5428 | D:6      | Found Hemirela's Armour Emporium.
  5756 | D:6      | Killed an unseen horror
  5756 | D:6      | Reached skill level 9 in Unarmed Combat
  5871 | D:7      | Reached XP level 9. HP: 54/57 MP: 9/9
  5942 | D:7      | Reached * piety under Makhleb
  5974 | D:7      | Reached skill level 10 in Unarmed Combat
  6341 | D:7      | Reached skill level 11 in Unarmed Combat
  7063 | D:7      | Reached XP level 10. HP: 66/66 MP: 10/10
  7143 | D:8      | Noticed a two-headed ogre
  7154 | D:7      | Killed a two-headed ogre
  7154 | D:7      | Reached skill level 12 in Unarmed Combat
  7418 | D:8      | Noticed Joseph
  7421 | D:8      | Noticed Erica
  7425 | D:8      | Noticed Harold
  7433 | D:7      | Killed Erica
  7463 | D:8      | Killed Harold
  7463 | D:8      | Reached skill level 10 in Fighting
  7500 | D:8      | Noticed a manticore
  7511 | D:7      | Killed Joseph
  7511 | D:7      | Reached skill level 13 in Unarmed Combat
  7520 | D:7      | Reached ** piety under Makhleb
  7683 | D:7      | Killed a manticore
  7683 | D:7      | Reached XP level 11. HP: 31/73 MP: 11/11
  8256 | D:8      | Found a shadowy altar of Dithmenos.
  8312 | D:8      | Found Egivuiry's Weapon Emporium.
  8668 | D:9      | Noticed a tengu warrior
  8669 | D:9      | Noticed a white ugly thing
  8703 | D:9      | Identified the Incunabulum of the Birds and the Oath
  8864 | D:10     | Entered Level 10 of the Dungeon
  9056 | D:10     | Noticed Snorg
  9073 | D:10     | HP: 3/73 [Snorg (5)]
  9073 | D:10     | Slain by Snorg

Illustrated notes

Levels and vault maps discovered:
D:1:      dpeg_arrival_oval, layout_basic
D:2:      layout_loops_ring
D:3:      layout_loops_ring, nicolae_overflow_crystal_walls,
          cheibrodos_sewer_entry_sluice, amethyst_killhole
D:4:      layout_loops_cross, nrook_uturn
D:5:      layout_basic, minitemple, minmay_temple_entry_tees, first_ration,
          uniq_grinder
D:6:      layout_rooms, serial_shops, nicolae_shop_trees,
          hangedman_abyss_or_decor_slice
D:7:      layout_layer_cave, grunt_livestock, hex_large, minmay_door_square
D:8:      layout_rooms, serial_shops, nicolae_shop_stone,
          nicolae_dithmenos_shadow_blocks, uniq_erica, uniq_harold, uniq_joseph
D:9:      layout_roguey, minivault_12
D:10:     layout_roguey, serial_shops, shop, ebering_ghost_rock_garden,
          uniq_snorg
Temple:   eino_temple_scatter_basement

Skill      XL: |  1  2  3  4  5  6  7  8  9 10 |
---------------+-------------------------------+-----
Fighting       | 3 4 5 7 9 10 | 10.8
Unarmed Combat | 4 5 6 7 9 11 13 | 13.6
Throwing       | |  1.7
Dodging        | |  2.4

Action                   |  1- 3 |  4- 6 |  7- 9 | 10-12 || total
-------------------------+-------+-------+-------+-------++-------
Melee: Unarmed           |   197 |   242 |   249 |   206 ||   894
       Punch             |     5 |     5 |    10 |    10 ||    30
Throw: Throwing net      |       |       |       |     3 ||     3
Evoke: Wand              |       |       |     1 |    14 ||    15
  Use: Scroll            |     6 |     4 |     3 |     7 ||    20
       Potion            |       |     1 |     2 |       ||     3
 Stab: Held in net/web   |       |       |       |     4 ||     4
  Eat: Chunk             |     3 |     9 |     8 |     4 ||    24
       Ration            |       |       |       |     1 ||     1
Armor: Leather armour    |     7 |       |       |       ||     7
       Ring mail         |    75 |    54 |       |       ||   129
       Plate armour      |       |    93 |   238 |   158 ||   489
Dodge: Dodged            |    87 |    74 |    65 |    94 ||   320
